SKY
DETROIT TIGERS @ ATLANTA BRAVES
03/24/2052
 
TOP OF THE 1ST
Detroit Tigers batting - Pitching for Atlanta Braves : LHP Mal Smart
Pitching: LHP Mal Smart
Batting: LHB Jim Harvill 0-0: Called Strike
0-1: Swinging Strike
0-2: Ball
1-2: SINGLE (Line Drive, 7S, EV 98.1 MPH)
Batting: SHB Carlos Vargas 0-0: Ball
Jim Harvill steals 2nd base
1-0: Swinging Strike
1-1: Ground out 4-3 (Groundball, 4, EV 103.1 MPH)
Jim Harvill to third
Batting: LHB Verrell Vander Mark 0-0: Called Strike
0-1: Swinging Strike
0-2: Foul Ball, location: 25F
0-2: Foul Ball, location: 23F
0-2: Strikes out swinging
Batting: LHB Sebastian Ontiveros 0-0: Ball
1-0: Ball
2-0: Ball
3-0: Called Strike
3-1: Called Strike
3-2: Ground out 6-3 (Groundball, 6S, EV 80.6 MPH)
Top of the 1st over - 0 runs, 1 hit, 0 errors, 1 left on base; Detroit 0 - Atlanta 0
BOTTOM OF THE 1ST
Atlanta Braves batting - Pitching for Detroit Tigers : RHP Lou Clayton
Pitching: RHP Lou Clayton
Batting: RHB Jase Lucas 0-0: Ball
1-0: Foul Ball, location: 2F
1-1: Ball
2-1: Foul Ball, location: 9LMF
2-2: Strikes out swinging
Batting: SHB Scott Hill 0-0: Called Strike
0-1: Ball
1-1: Ball
2-1: DOUBLE (Groundball, 5L, EV 100.6 MPH)
Batting: RHB Josias Jaynes 0-0: Foul Ball, location: 2F
0-1: Foul Ball, location: 23F
0-2: Ground out U3 (Groundball, 34, EV 80.6 MPH)
Scott Hill to third
Batting: LHB Adrian Cooke 0-0: Foul Ball, location: 2LF
0-1: Ball
1-1: Swinging Strike
1-2: Ball
2-2: SINGLE (Flyball, 4MD, EV 83.8 MPH)
Scott Hill scores
Batting: LHB Braylen De Witt 0-0: Called Strike
0-1: Swinging Strike
0-2: Ball
1-2: Foul Ball, location: 25FF
1-2: Ball
2-2: Ball
3-2: Foul Ball, location: 2F
3-2: Foul Ball, location: 23F
3-2: Fly out, F9 (Flyball, 89M, EV 89.4 MPH)
Bottom of the 1st over - 1 run, 2 hits, 0 errors, 1 left on base; Detroit 0 - Atlanta 1
TOP OF THE 2ND
Detroit Tigers batting - Pitching for Atlanta Braves : LHP Mal Smart
Batting: SHB Austin Branson 0-0: Ball
1-0: Fly out, F5 (Popup, 56S, EV 88.1 MPH)
Batting: RHB Kyle Garette 0-0: Foul Ball, location: 9LMF
0-1: Ball
1-1: Foul Ball, location: 2F
1-2: Foul Ball, location: 25FF
1-2: Foul Ball, location: 9LSF
1-2: Foul Ball, location: 7LDF
1-2: Ball
2-2: SINGLE (Line Drive, 34D, EV 98.8 MPH)
Batting: RHB Peter Bates 0-0: Called Strike
0-1: Ball
Wild Pitch!
Kyle Garette to second
1-1: Swinging Strike
1-2: Foul Ball, location: 9LSF
1-2: Ball
2-2: Ball
3-2: Strikes out swinging
Batting: RHB Diego Ruiz 0-0: Ball
1-0: Fly out, F9 (Flyball, 89M, EV 86.3 MPH)
Top of the 2nd over - 0 runs, 1 hit, 0 errors, 1 left on base; Detroit 0 - Atlanta 1
BOTTOM OF THE 2ND
Atlanta Braves batting - Pitching for Detroit Tigers : RHP Lou Clayton
Batting: RHB C.J. Chayrez 0-0: Foul Ball, location: 2F
0-1: Ball
1-1: Foul Ball, location: 23FF
1-2: Strikes out swinging
Batting: RHB Peter Guice 0-0: Ball
1-0: Called Strike
1-1: Foul Ball, location: 25F
1-2: SINGLE (Flyball, 89S, EV 93.1 MPH)
Batting: RHB Aiden Newman 0-0: Ball
1-0: Foul Ball, location: 2F
1-1: Ball
2-1: Ball
3-1: Base on Balls
Peter Guice to second
Batting: RHB Ron Montgomery 0-0: Fly out, F8 (Flyball, 8RD, EV 98.1 MPH)
Batting: RHB Jase Lucas 0-0: Ball
1-0: Ball
2-0: Foul Ball, location: 2F
2-1: Called Strike
2-2: Foul Ball, location: 2F
2-2: Foul Ball, location: 23F
2-2: Ground out U3 (Groundball, 3, EV 81.9 MPH)
Bottom of the 2nd over - 0 runs, 1 hit, 0 errors, 2 left on base; Detroit 0 - Atlanta 1
TOP OF THE 3RD
Detroit Tigers batting - Pitching for Atlanta Braves : LHP Mal Smart
Batting: RHB Dragon Dainty 0-0: DOUBLE (Line Drive, 7LM, EV 97.5 MPH)
Batting: LHB Jim Harvill 0-0: Called Strike
0-1: Called Strike
0-2: Ball
1-2: Ball
2-2: Strikes out swinging
Batting: SHB Carlos Vargas 0-0: Called Strike
0-1: Ball
1-1: Swinging Strike
1-2: Ball
2-2: Strikes out looking
Batting: LHB Verrell Vander Mark 0-0: Swinging Strike
0-1: Ball
1-1: Ball
2-1: Ball
3-1: Foul Ball, location: 23FF
3-2: Foul Ball, location: 3F
3-2: DOUBLE (Groundball, 3L, EV 100.0 MPH)
Dragon Dainty scores
Batting: LHB Sebastian Ontiveros 0-0: Called Strike
0-1: Called Strike
0-2: Ball
1-2: Ball
2-2: Strikes out swinging
Top of the 3rd over - 1 run, 2 hits, 0 errors, 1 left on base; Detroit 1 - Atlanta 1
BOTTOM OF THE 3RD
Atlanta Braves batting - Pitching for Detroit Tigers : RHP Lou Clayton
Batting: SHB Scott Hill 0-0: Ball
1-0: Foul Ball, location: 25F
1-1: Foul Ball, location: 2F
1-2: Ball
2-2: Fly out, F9 (Line Drive, 9S, EV 93.1 MPH)
Batting: RHB Josias Jaynes 0-0: Fly out, F3 (Popup, 3SF, EV 76.3 MPH)
Batting: LHB Adrian Cooke 0-0: Ball
1-0: Called Strike
1-1: Ball
2-1: Ball
3-1: Called Strike
3-2: Strikes out swinging
Bottom of the 3rd over - 0 runs, 0 hits, 0 errors, 0 left on base; Detroit 1 - Atlanta 1
TOP OF THE 4TH
Detroit Tigers batting - Pitching for Atlanta Braves : LHP Mal Smart
Batting: SHB Austin Branson 0-0: Called Strike
0-1: Fly out, F8 (Flyball, 8RD, EV 101.3 MPH)
Batting: RHB Kyle Garette 0-0: Called Strike
0-1: Ball
1-1: Ball
2-1: SINGLE (Line Drive, 3D, EV 100.0 MPH)
Batting: RHB Peter Bates 0-0: Called Strike
0-1: Called Strike
0-2: Ball
1-2: Strikes out swinging
Batting: RHB Diego Ruiz 0-0: Ball
1-0: Called Strike
1-1: Foul Ball, location: 7LMF
1-2: Strikes out swinging
Top of the 4th over - 0 runs, 1 hit, 0 errors, 1 left on base; Detroit 1 - Atlanta 1
BOTTOM OF THE 4TH
Atlanta Braves batting - Pitching for Detroit Tigers : RHP Lou Clayton
Batting: LHB Braylen De Witt 0-0: Ball
1-0: Fly out, F5 (Popup, 56S, EV 75.6 MPH)
Batting: RHB C.J. Chayrez 0-0: Fly out, F4 (Popup, 34, EV 69.4 MPH)
Batting: RHB Peter Guice 0-0: Foul Ball, location: 5DF
0-1: Called Strike
0-2: Foul Ball, location: 9LMF
0-2: Foul Ball, location: 23F
0-2: SINGLE (Groundball, 6MD, EV 106.3 MPH)
Batting: RHB Aiden Newman 0-0: SINGLE (Flyball, 8RS, EV 99.4 MPH)
Peter Guice to second
Runner from 2nd tries for 3rd, SAFE, no throw by CF
Batting: RHB Ron Montgomery 0-0: Foul Ball, location: 2F
0-1: SINGLE (Groundball, 56D, EV 96.3 MPH)
Peter Guice scores
Aiden Newman to second
Runner from 2nd tries for 3rd, SAFE, no throw by LF
Pinch Hitting: RHB Phooka May 0-0: Foul Ball, location: 3DF
0-1: Ball
1-1: Foul Ball, location: 3F
1-2: Strikes out swinging
Bottom of the 4th over - 1 run, 3 hits, 0 errors, 2 left on base; Detroit 1 - Atlanta 2
TOP OF THE 5TH
Detroit Tigers batting - Pitching for Atlanta Braves : LHP Mal Smart
Pitching: RHP Casee Mabry
Now at C: Joe Jenkins
Now at 2B: Aiden Newman
Now at 3B: Jadson Guzman
Now at SS: Will Howard
Now in CF: Phooka May
Batting: RHB Dragon Dainty 0-0: DOUBLE (Line Drive, 7LM, EV 105.6 MPH)
Pinch Hitting: RHB Owen Roberts 0-0: Ball
1-0: Ball
2-0: Bunt - Flyout to P! F1
Batting: SHB Carlos Vargas 0-0: Called Strike
0-1: DOUBLE (Line Drive, 7LD, EV 105.6 MPH)
Dragon Dainty scores
Batting: LHB Verrell Vander Mark 0-0: 2-RUN HOME RUN (Flyball, 89XD, EV 105.0 MPH), Distance : 419 ft
Pitching: RHP Noah Thompson
Batting: RHB Kyle McCoy 0-0: Foul Ball, location: 9LMF
0-1: Swinging Strike
0-2: Ball
1-2: Foul Ball, location: 3F
1-2: Foul Ball, location: 23FF
1-2: Strikes out swinging
Pinch Hitting: RHB Brandon Diarra 0-0: Ball
1-0: Called Strike
1-1: Foul Ball, location: 23F
1-2: DOUBLE (Flyball, 78XD, EV 106.9 MPH)
Pinch Hitting: LHB Will Dishman 0-0: Ball
1-0: Swinging Strike
1-1: Swinging Strike
1-2: Strikes out swinging
Top of the 5th over - 3 runs, 4 hits, 0 errors, 1 left on base; Detroit 4 - Atlanta 2
BOTTOM OF THE 5TH
Atlanta Braves batting - Pitching for Detroit Tigers : RHP Lou Clayton
Pitching: RHP Dylan Sheets
Now at 1B: Peter Bates
Now at 2B: Will Dishman
Now at 3B: Cachi Rodriguez
Now at SS: Owen Roberts
Now in LF: Brandon Diarra
Now in RF: Aarón Gutiérrez
Batting: SHB Scott Hill 0-0: Swinging Strike
0-1: Ball
1-1: SINGLE (Line Drive, 8RS, EV 101.9 MPH)
Pinch Hitting: RHB Michael Paul 0-0: Foul Ball, location: 3F
0-1: Ball
1-1: Swinging Strike
1-2: Strikes out swinging
Batting: LHB Adrian Cooke 0-0: Swinging Strike
0-1: Called Strike
0-2: Strikes out swinging
Batting: LHB Braylen De Witt 0-0: Called Strike
0-1: Called Strike
0-2: Ball
1-2: TRIPLE (Flyball, 8LXD, EV 105.6 MPH)
Scott Hill scores
Batting: RHB Joe Jenkins 0-0: Ball
1-0: Ball
2-0: Called Strike
2-1: Foul Ball, location: 23F
2-2: Foul Ball, location: 25FF
2-2: Ball
3-2: Foul Ball, location: 25FF
3-2: Base on Balls
Pinch Hitting: LHB Rodrigo Ortiz 0-0: Ball
1-0: Ball
2-0: Called Strike
2-1: Foul Ball, location: 2F
2-2: Foul Ball, location: 5FF
2-2: Ground out 4-3 (Groundball, 4, EV 83.8 MPH)
Bottom of the 5th over - 1 run, 2 hits, 0 errors, 2 left on base; Detroit 4 - Atlanta 3
TOP OF THE 6TH
Detroit Tigers batting - Pitching for Atlanta Braves : RHP Noah Thompson
Now at 1B: Michael Paul
Now at 3B: Sam Vega
Batting: RHB Peter Bates 0-0: Called Strike
0-1: Ball
1-1: Foul Ball, location: 9LMF
1-2: Fly out, F8 (Flyball, 89S, EV 98.8 MPH)
Pinch Hitting: LHB Rodney Diallo 0-0: Hit by Pitch
Batting: RHB Dragon Dainty 0-0: Ball
1-0: Ball
2-0: SINGLE (Line Drive, 6D, EV 101.9 MPH)
Rodney Diallo to second
Batting: RHB Owen Roberts 0-0: Ball
1-0: SINGLE (Groundball, 23, EV 93.1 MPH) (infield hit)
Rodney Diallo to third
Dragon Dainty to second
Batting: LHB Cachi Rodriguez 0-0: Called Strike
0-1: Ball
1-1: Fly out, F8 (Flyball, 8RM, EV 83.8 MPH)
Batting: RHB Aarón Gutiérrez 0-0: Ball
1-0: Fly out, F9 (Flyball, 9LM, EV 86.3 MPH)
Top of the 6th over - 0 runs, 2 hits, 0 errors, 3 left on base; Detroit 4 - Atlanta 3
BOTTOM OF THE 6TH
Atlanta Braves batting - Pitching for Detroit Tigers : RHP Dylan Sheets
Now in LF: Rodney Diallo
Now in CF: Brandon Diarra
Pinch Hitting: RHB John Krueckeberg 0-0: Called Strike
0-1: Swinging Strike
0-2: Ball
1-2: Foul Ball, location: 3SF
1-2: Ball
2-2: Fly out, F5 (Popup, 5D, EV 50.6 MPH)
Pinch Hitting: LHB Simon Pierce 0-0: Called Strike
0-1: Ball
1-1: Called Strike
1-2: Fly out, F9 (Flyball, 89S, EV 95.6 MPH)
Batting: RHB Phooka May 0-0: Foul Ball, location: 2F
0-1: Ball
1-1: Foul Ball, location: 9LDF
1-2: Ball
2-2: Ball
3-2: Ground out 3-1 (Groundball, 34S, EV 73.1 MPH)
Bottom of the 6th over - 0 runs, 0 hits, 0 errors, 0 left on base; Detroit 4 - Atlanta 3
TOP OF THE 7TH
Detroit Tigers batting - Pitching for Atlanta Braves : RHP Noah Thompson
Pitching: RHP Benjamin Reid
Now at 2B: John Krueckeberg
Now at SS: Alex Garza
Now in LF: Wyatt Ritter
Now in RF: Lee Stuhr
Batting: RHB Kyle McCoy 0-0: Fly out, F9 (Flyball, 9D, EV 106.3 MPH)
Batting: RHB Brandon Diarra 0-0: Ball
1-0: Swinging Strike
1-1: Called Strike
1-2: SINGLE (Line Drive, 9S, EV 99.4 MPH)
Batting: LHB Will Dishman 0-0: Ball
1-0: Called Strike
1-1: Ball
2-1: Foul Ball, location: 23FF
2-2: Strikes out looking
Batting: RHB Peter Bates 0-0: Ball
1-0: Swinging Strike
1-1: Called Strike
1-2: Foul Ball, location: 25F
1-2: Strikes out swinging
Top of the 7th over - 0 runs, 1 hit, 0 errors, 1 left on base; Detroit 4 - Atlanta 3
BOTTOM OF THE 7TH
Atlanta Braves batting - Pitching for Detroit Tigers : RHP Dylan Sheets
Pitching: RHP Hadley Scott
Batting: LHB Wyatt Ritter 0-0: Ball
1-0: Called Strike
1-1: Ball
2-1: Foul Ball, location: 23F
2-2: SINGLE (Line Drive, 56, EV 106.3 MPH)
Batting: RHB Michael Paul 0-0: Ball
Wyatt Ritter steals 2nd base (no throw)
1-0: Ball
2-0: Ball
3-0: Called Strike
3-1: Ground out 6-3 (Groundball, 6MS, EV 80.6 MPH)
Wyatt Ritter to third
Pitching: LHP Woodie Blackman
Batting: RHB Ryan Felker 0-0: Foul Ball, location: 23FF
0-1: Ball
1-1: Foul Ball, location: 9LDF
1-2: Foul Ball, location: 2F
1-2: Strikes out swinging
Pitching: RHP Alexander Magnússon
Pinch Hitting: LHB Jeuyson Palomino 0-0: Ball
1-0: Fly out, F9 (Flyball, 9LSF, EV 72.5 MPH)
Bottom of the 7th over - 0 runs, 1 hit, 0 errors, 1 left on base; Detroit 4 - Atlanta 3
TOP OF THE 8TH
Detroit Tigers batting - Pitching for Atlanta Braves : RHP Benjamin Reid
Pitching: RHP Miguel Valdez
Now in RF: Jeuyson Palomino
Batting: LHB Rodney Diallo 0-0: Called Strike
0-1: Ball
1-1: Swinging Strike
1-2: Strikes out swinging
Batting: RHB Dragon Dainty 0-0: Called Strike
0-1: Ball
1-1: Called Strike
1-2: Ground out U3 (Groundball, 34S, EV 85.6 MPH)
Pinch Hitting: RHB Zaiden Parker 0-0: SINGLE (Groundball, 4MD, EV 96.9 MPH)
Batting: LHB Cachi Rodriguez 0-0: Ball
1-0: Called Strike
1-1: Ball
2-1: Foul Ball, location: 7LSF
2-2: Foul Ball, location: 2F
2-2: Ball
3-2: Foul Ball, location: 2F
3-2: Base on Balls
Zaiden Parker to second
Batting: RHB Aarón Gutiérrez 0-0: Ball
1-0: Swinging Strike
1-1: Swinging Strike
1-2: Strikes out swinging
Top of the 8th over - 0 runs, 1 hit, 0 errors, 2 left on base; Detroit 4 - Atlanta 3
BOTTOM OF THE 8TH
Atlanta Braves batting - Pitching for Detroit Tigers : RHP Alexander Magnússon
Pitching: RHP Edgardo Gil
Now at SS: Zaiden Parker
Batting: RHB Joe Jenkins 0-0: Fly out, F6 (Popup, 6MD, EV 70.6 MPH)
Pinch Hitting: RHB Paul Carter 0-0: Fly out, F7 (Flyball, 7LD, EV 111.3 MPH)
Batting: RHB John Krueckeberg 0-0: Called Strike
0-1: Ball
1-1: Ball
2-1: Foul Ball, location: 9LSFF
2-2: Foul Ball, location: 5FF
2-2: Strikes out swinging wild pitch, reaches first!
Batting: RHB Alex Garza 0-0: Called Strike
0-1: Foul Ball, location: 2F
0-2: Ball
1-2: Strikes out swinging
Bottom of the 8th over - 0 runs, 0 hits, 0 errors, 1 left on base; Detroit 4 - Atlanta 3
TOP OF THE 9TH
Detroit Tigers batting - Pitching for Atlanta Braves : RHP Miguel Valdez
Pitching: RHP Noah Collier
Now at 3B: Andrew Boyer
Batting: LHB Narciso Villasana 0-0: Ball
1-0: Called Strike
1-1: Ball
2-1: SINGLE (Groundball, 34D, EV 105.0 MPH)
Pinch Hitting: RHB Merlin Weichert 0-0: Grounds into double play, 4-6-3 (Groundball, 4, EV 106.9 MPH)
Pinch Hitting: RHB Sal MacDougall 0-0: Swinging Strike
0-1: Called Strike
0-2: Strikes out swinging
Top of the 9th over - 0 runs, 1 hit, 0 errors, 0 left on base; Detroit 4 - Atlanta 3
BOTTOM OF THE 9TH
Atlanta Braves batting - Pitching for Detroit Tigers : RHP Edgardo Gil
Pitching: LHP Julien Piché
Now at 2B: Sal MacDougall
Now at 3B: Merlin Weichert
Now in CF: Aarón Gutiérrez
Now in RF: Cachi Rodriguez
Pinch Hitting: LHB Michael Obodo 0-0: Ball
1-0: Called Strike
1-1: Called Strike
1-2: Fly out, F4 (Popup, 4S, EV 63.1 MPH)
Pinch Hitting: RHB Zachary Halter 0-0: Ball
1-0: Called Strike
1-1: Foul Ball, location: 2F
1-2: Foul Ball, location: 5F
1-2: Fly out, F8 (Line Drive, 8RXD, EV 104.4 MPH)
Pinch Hitting: RHB Carlos De La Torre 0-0: Foul Ball, location: 2F
0-1: Foul Ball, location: 2F
0-2: Foul Ball, location: 7LMF
0-2: Ball
1-2: Strikes out swinging
Bottom of the 9th over - 0 runs, 0 hits, 0 errors, 0 left on base; Detroit 4 - Atlanta 3
Sunday, April 14th , 2024 - OOTP Baseball 24.11 Build 85